 Dungeon Crawl Stone Soup version 0.23.1 (webtiles) character file.

Game seed: 3603612168376878778

43 Borgoz the Sneak (level 3, -1/26 HPs)
             Began as a Ghoul Enchanter on Mar 14, 2019.
             Slain by an adder (4 damage)
             ... on level 1 of the Dungeon.
             The game lasted 00:02:56 (2103 turns).

Borgoz the Sneak (Ghoul Enchanter)                  Turns: 2103, Time: 00:02:56

Health: -1/26      AC:  2    Str: 11    XL:     3   Next: 58%
Magic:  2/4        EV: 12    Int: 10    God:
Gold:   6          SH:  0    Dex: 10    Spells: 2/5 levels left

rFire    + . .     SeeInvis .   a - +0 short sword
rCold    + + .     Gourm    .   (no shield)
rNeg     + + +     Faith    .   b - +0 robe
rPois    ∞         Spirit   .   (no helmet)
rElec    +         Reflect  .   (no cloak)
rCorr    +         Harm     .   (no gloves)
MR       .....                  (no boots)
Stlth    ++........             (no amulet)
HPRegen  0.00/turn              (no ring)
MPRegen  0.09/turn              (no ring)

@: resistant, very slightly contaminated, rotting, invisible
A: rotting body, claws 1, carnivore, cold resistance 1, negative energy
resistance 3, inhibited regeneration, torment resistance, unbreathing
a: no special abilities


You were on level 1 of the Dungeon.
You were not hungry.

You visited 1 branch of the dungeon, and saw 2 of its levels.

You collected 6 gold pieces.

Inventory:

Hand Weapons
 a - a +0 short sword (weapon)
Armour
 b - a +0 robe (worn)
Scrolls
 c - 2 scrolls of remove curse {unknown}
 e - a scroll of amnesia {unknown}
Comestibles
 d - 5 rations


   Skills:
 * Level 2.0 Short Blades
 * Level 1.6 Armour
 + Level 2.2 Dodging
 - Level 3.2 Stealth
 - Level 1.7 Spellcasting
 - Level 2.4 Hexes


You had 2 spell levels left.
You knew the following spells:

 Your Spells              Type           Power        Failure   Level  Hunger
a - Corona                Hex            #......      12%         1    ##.....
b - Ensorcelled Hibernat  Hex/Ice        #.....       30%         2    ###....

Your spell library contained the following spells:

 Spells                   Type           Power        Failure   Level  Hunger
 Confuse                  Hex            #.......     34%         3    ####...
 Tukima's Dance           Hex            #.......     34%         3    ####...
 Dazzling Spray           Conj/Hex       #.....       52%         3    ####...


Dungeon Overview and Level Annotations

Branches:
Dungeon (2/15)

Altars:

Annotations:
D:2 Terence


Innate Abilities, Weirdness & Mutations

Your body is rotting away.
You thrive on raw meat.
You are immune to poison.
You have sharp fingernails.
You are carnivorous and can eat meat at any time.
Your flesh is cold resistant. (rC+)
You are immune to negative energy. (rN+++)
You do not regenerate when monsters are visible.
You are immune to unholy pain and torment.
You can survive without breathing.


Message History

It was a potion of invisibility.
You fade into invisibility!
The adder bites you.
* * * LOW HITPOINT WARNING * * *
You are very lightly contaminated with residual magic.
You catch the helpless adder completely off-guard!
You hit the adder.
The adder is severely wounded.
The adder closely misses you. The adder barely misses you.
You miss the adder.
The adder is severely wounded.
The adder closely misses you.
You barely miss the adder.
The adder is severely wounded.
The adder bites you.
* * * LOW HITPOINT WARNING * * *
You barely miss the adder.
The adder is severely wounded.
The adder misses you. The adder bites you.
You die...

....# ##.###.## #.# #.
....# ##...##.#### #.# #.
.#### #..#.#8.8#.# #.# ##
...# ####.#.##.##.# #.#
...####......##'##.#####.#
........##.#.##..........#
...####.........##.#######
...# ####.#.#####.# ####
#.#....@S.# #...########
#### ##.##......## #...
#.##.#.....# #.##
###.##.#.....#########.##
#....................#.#.
#.#.##.#......##.###.#.#.
#########....#.#.>....##.#
#÷#.#.
...............####.#.##.#
#.#...


You could see an adder.

Vanquished Creatures
  An ooze (D:1)
  A worm (D:2)
  3 dart slugs (D:1)
  3 ball pythons
  2 bats
  2 giant cockroaches (D:1)
  4 goblins (D:1)
  2 hobgoblins (D:1)
  2 jackals (D:1)
  3 frilled lizards
  3 kobolds
  3 rats
29 creatures vanquished.

Notes
Turn   | Place    | Note
-------+----------+-------------------------------------------
     0 | D:1      | Borgoz the Ghoul Enchanter began the quest for the Orb.
     0 | D:1      | Reached XP level 1. HP: 14/14 MP: 2/2
    62 | D:1      | Reached skill level 1 in Short Blades
   440 | D:1      | Reached XP level 2. HP: 17/20 MP: 3/3
   575 | D:1      | Reached skill level 1 in Armour
   576 | D:1      | HP: 1/20 [goblin/+0 dagger (1)]
   905 | D:1      | Learned a level 2 spell: Ensorcelled Hibernation
  1209 | D:1      | Reached XP level 3. HP: 19/25 MP: 4/4
  1805 | D:2      | Noticed Terence
  2103 | D:1      | Slain by an adder

Skill      XL: |  1  2  3 |
---------------+----------+-----
Short Blades   | 1 2 |  2.0
Armour         | 1 |  1.6
Dodging        | 2 |  2.2
Stealth        | |  3.2
Spellcasting   | |  1.7
Hexes          | |  2.4

Action                   || total
-------------------------++-------
Melee: Dagger            ||   114
       Short sword       ||    31
 Cast: Ensorcelled Hiber ||     4
  Use: Potion            ||     3
 Stab: Sleeping          ||     5
       Invisible         ||     1
  Eat: Chunk             ||     8
Armor: Robe              ||    25
Dodge: Dodged            ||    79
